 Dungeon Crawl Stone Soup version 0.21-a0-41-g5e91fef (webtiles) character file.

57 blackwizard the Caller (level 3, -14/31 HPs)
             Began as a Troll Summoner on June 4, 2017.
             Demolished by a gnoll
             ... wielding a +0 halberd
              (16 damage)
             ... on level 2 of the Dungeon.
             The game lasted 00:05:33 (1102 turns).

blackwizard the Caller (Troll Summoner)             Turns: 1102, Time: 00:05:34

Health: -14/31     AC:  5    Str: 16    XL:     3   Next: 73%
Magic:  1/4        EV: 10    Int: 12    God:
Gold:   33         SH:  0    Dex: 10    Spells: 0/4 levels left

rFire    + . .     SeeInvis .   k - +0 hand axe
rCold    . . .     Gourm    +   (no shield)
rNeg     . . .     Faith    .   a - +0 robe
rPois    .         Spirit   .   (helmet restricted)
rElec    .         Reflect  .   (no cloak)
rCorr    .         Harm     .   (gloves unavailable)
MR       .....                  (boots unavailable)
Stlth    +.........             (no amulet)
Regen    0.5/turn               l - ring of protection from fire
MPRegen  0.1/turn               (no ring)

@: no status effects
A: unfitting armour, claws 3, fast metabolism 3, gourmand, regeneration 1,
shaggy fur 1, tough skin 2
a: no special abilities


You were on level 2 of the Dungeon.
You were not hungry.

You visited 1 branch of the dungeon, and saw 2 of its levels.

You collected 33 gold pieces.

Inventory:

Hand Weapons
 k - a +0 hand axe (weapon)
Missiles
 e - 18 sling bullets
 m - 23 stones (quivered)
Armour
 a - a +0 robe (worn)
 n - a scarf of repulsion
Jewellery
 l - a ring of protection from fire (left claw)
Scrolls
 g - 3 scrolls of magic mapping {unknown}
 j - a scroll of identify {unknown}
 o - a scroll of teleportation {unknown}
 q - a scroll of remove curse {unknown}
Potions
 d - a potion of invisibility {unknown}
 h - a potion of haste {unknown}
 i - a potion of heal wounds {unknown}
 p - a potion of resistance {unknown}
Books
 b - a book of Callings

   Spells                             Type                      Level
   a - Summon Small Mammal            Summoning                    1
   b - Call Imp                       Summoning                    2
   c - Call Canine Familiar           Summoning                    3
   d - Summon Guardian Golem          Hexes/Summoning              3
   e - Summon Lightning Spire         Summoning/Air                4
   f - Summon Ice Beast               Ice/Summoning                4
Comestibles
 c - 2 bread rations
 f - a chunk of flesh


   Skills:
 + Level 0.1 Fighting
 + Level 0.7 Axes
 + Level 2.0 Dodging
 + Level 1.1 Stealth
 + Level 0.2 Unarmed Combat
 + Level 1.4 Spellcasting
 + Level 3.4 Summonings


You couldn't memorise any spells.
You knew the following spells:

 Your Spells              Type           Power        Failure   Level  Hunger
a - Summon Small Mammal   Summ           #...         7%          1    ##.....
b - Call Canine Familiar  Summ           #.......     21%         3    ####...


Dungeon Overview and Level Annotations

Branches:
Dungeon (2/15)

Altars:


Innate Abilities, Weirdness & Mutations

You are too large for most types of armour.
You have claws for hands.
Your metabolism is lightning-fast.
You like to eat raw meat.
Your natural rate of healing is unusually fast.
You are covered in fur. (AC +1)
You have very tough skin. (AC +2)


Message History

The gnoll hits you from afar with a halberd!
The gnoll hits you.
Your hound barely misses the gnoll.
The gnoll barely misses you.
You hit the gnoll but do no damage.
Your hound closely misses the gnoll.
The gnoll hits you.
Your hound bites the gnoll.
The gnoll hits you from afar with a halberd!
* * * LOW HITPOINT WARNING * * *
The gnoll hits you.
* * * LOW HITPOINT WARNING * * *
You hit the gnoll.
The gnoll is heavily wounded.
Your hound bites the gnoll.
The gnoll closely misses you. The gnoll hits you.
* * * LOW HITPOINT WARNING * * *
Your hound barely misses the gnoll.
You swap places.
Your hound bites the gnoll but does no damage.
The gnoll hits your hound.
The gnoll hits you from afar with a halberd!
Ouch! That really hurt!
You die...

######## #h@....#
#g####.# ##g####.#
#.gg..#.#
#.....#.######
#.....#......#######
#.....'......)......
#.....#.#########...
##'#.#....##......##


You could see 3 gnolls and a friendly hound.

Vanquished Creatures
  2 adders (D:2)
  An ooze (D:1)
  A worm (D:2)
  2 dart slugs (D:2)
  3 bats
  A giant cockroach (D:1)
  2 goblins (D:1)
  4 hobgoblins
  2 kobolds (D:1)
  2 frilled lizards
  4 rats
24 creatures vanquished.

Vanquished Creatures (collateral kills)
  An adder (D:2)
  A kobold (D:1)
  A ball python (D:1)
  2 bats (D:1)
  A goblin (D:1)
6 creatures vanquished.

Grand Total: 30 creatures vanquished

Notes
Turn   | Place    | Note
-------+----------+-------------------------------------------
     0 | D:1      | blackwizard the Troll Summoner began the quest for the Orb.
     0 | D:1      | Reached XP level 1. HP: 16/16 MP: 1/1
   203 | D:1      | Reached skill level 3 in Summonings
   345 | D:1      | Reached XP level 2. HP: 19/24 MP: 2/2
   889 | D:2      | Reached XP level 3. HP: 31/31 MP: 1/4
   924 | D:2      | Learned a level 3 spell: Call Canine Familiar
  1101 | D:2      | HP: 1/31 [gnoll (5)]
  1102 | D:2      | Demolished by a gnoll

Vault maps used:
D:1:      kennysheep_arrival_forest, kennysheep_decorative_pillar,
          minmay_heptomino_h4
D:2:      chequers_ecumenical_altar_island

Skill      XL: |  1  2  3 |
---------------+----------+-----
Summonings     | 3 |  3.4
Dodging        | 2 |  2.0
Fighting       | |  0.1
Axes           | |  0.7
Stealth        | |  1.1
Unarmed Combat | |  0.2
Spellcasting   | |  1.4

Action                   || total
-------------------------++-------
Melee: Unarmed           ||    23
       Hand axe          ||    73
 Cast: Summon Small Mamm ||    18
       Call Canine Famil ||     3
 Stab: Distracted        ||     2
  Eat: Chunk             ||     5
       Bread ration      ||     1
Armor: Robe              ||    65
Dodge: Dodged            ||   104
